 Dungeon Crawl Stone Soup version 0.29.1-2-gbd0b4ee654 (webtiles) character file.

Game seed: 12794673648419836260

17510 Mitcholas the Basher (level 12, -5/169 HPs)
             Began as a Minotaur Berserker on Nov 11, 2022.
             Was an Elder of Trog.
             Killed from afar by a lindwurm (15 damage)
             ... with a blast of flame
             ... in a volcano on Nov 12, 2022.
             The game lasted 00:44:38 (13227 turns).

Mitcholas the Basher (Minotaur Berserker)          Turns: 13227, Time: 00:44:39

Health: -5/169     AC: 22    Str: 26    XL:     12   Next: 19%
Magic:  11/11      EV:  9    Int:  4    God:    Trog [****..]
Gold:   761        SH:  0    Dex: 17    Spells: 11/11 levels left

rFire   . . .      SeeInvis .   L - +2 great mace (vorpal)
rCold   . . .      Faith    .   (shield currently unavailable)
rNeg    + . .      Spirit   .   i - +0 plate armour
rPois   .          Reflect  .   O - +1 hat
rElec   .          Harm     .   d - +0 cloak
rCorr   .          Rampage  .   x - +1 pair of gloves
Will    ++...                   q - +0 pair of boots
Stlth   ..........              (no amulet)
HPRegen 1.38/turn               o - +6 ring of dexterity
MPRegen 0.12/turn               l - ring of positive energy

@: berserking (expiring), strong-willed, regenerating, studying Ranged Weapons,
invisible, very quick
A: horns 2, retaliatory headbutt
a: Renounce Religion, Berserk, Trog's Hand, Brothers in Arms


You were in a volcano.
You worshipped Trog.
Trog was greatly pleased with you.
You visited 3 branches of the dungeon, and saw 13 of its levels.
You also visited: Volcano.

You collected 761 gold pieces.

Inventory:

Hand Weapons
 b - a +0 sling
 K - a +1 whip of venom
 L - a +2 vorpal great mace (weapon)
Missiles
 m - 10 curare-tipped darts
 A - a throwing net
 I - 28 poisoned darts
Armour
 d - a +0 cloak (worn)
 i - a +0 plate armour (worn)
 q - a +0 pair of boots (worn)
 x - a +1 pair of gloves (worn)
 O - a +1 hat (worn)
Jewellery
 l - a ring of positive energy (right hand)
 o - a +6 ring of dexterity (left hand)
 H - a +4 ring of evasion
Wands
 s - a wand of flame (35)
 E - a wand of roots (13)
 F - a wand of mindburst (8)
 J - a wand of polymorph (2)
 Q - a wand of digging (4)
Scrolls
 a - 2 scrolls of noise
 f - 2 scrolls of poison
 g - 2 scrolls of silence {unknown}
 n - 3 scrolls of identify
 y - 2 scrolls of butterflies {unknown}
 B - 3 scrolls of teleportation {unknown}
Potions
 e - 3 potions of berserk rage {unknown}
 h - 5 potions of might {unknown}
 p - a potion of brilliance
 r - a potion of degeneration
 t - 6 potions of curing {unknown}
 u - 2 potions of haste {unknown}
 v - 3 potions of mutation {unknown}
 z - 3 potions of ambrosia {unknown}
 C - a potion of cancellation
 G - a potion of flight
 M - a potion of attraction
 N - 2 potions of heal wounds


   Skills:
 + Level 12.9 Fighting
 + Level 14.8 Maces & Flails
 + Level 12.6 Armour
 - Level 2.2 Dodging
 - Level 6.0 Evocations


You had 11 spell levels left.
You didn't know any spells.
Your spell library was empty.

Dungeon Overview and Level Annotations

Branches:
Dungeon (11/15)            Temple (1/1) D:4            Lair (1/5) D:8
    Orc (0/2) D:9         Volcano (1/1)

Altars:
Ashenzari
Cheibriados
Dithmenos
Elyvilon
Fedhas
Gozag
Hepliaklqana
Kikubaaqudgha
Makhleb
Nemelex Xobeh
Okawaru
Qazlal
Ru
Sif Muna
Trog
Uskayaw
Vehumet
Wu Jian
Xom
Yredelemnul
Zin
The Shining One
Lugonu

Shops:
D:7 *   D:8 **?   D:9 (

Annotations:
D:7 3 runed translucent doors


Innate Abilities, Weirdness & Mutations

You have a pair of horns on your head.
You reflexively headbutt those who attack you in melee.


Message History

You bludgeon the fire bat!!
You kill the fire bat!
Trog accepts your kill. The fire bat bites you.
* * * LOW HITPOINT WARNING * * *
You are engulfed in flames.
* * * LOW HITPOINT WARNING * * *
You bludgeon the fire bat!!
You kill the fire bat!
Trog accepts your kill.
The fire bat bites you but does no damage.
The hell hound breathes flames at you.
The blast of flame hits the fire bat.
The fire bat completely resists.
The blast of flame hits the fire bat.
The fire bat completely resists.
The blast of flame hits you!
* * * LOW HITPOINT WARNING * * *
You miss the fire bat.
The fire bat bites you but does no damage. x2
You barely miss the fire bat.
The fire bat bites you but does no damage.
You bludgeon the fire bat!!
You kill the fire bat!
Trog accepts your kill.
The fire bat bites you but does no damage.
You bludgeon the fire bat!!
You kill the fire bat!
Trog accepts your kill. The lindwurm breathes flames at you.
The blast of flame hits the hell hound.
The hell hound completely resists.
The blast of flame hits you.
* * * LOW HITPOINT WARNING * * *
The hell hound bites you but does no damage.
You barely miss the hell hound. The hell hound breathes flames at you.
The blast of flame hits you.
* * * LOW HITPOINT WARNING * * *
The lindwurm breathes flames at the hell hound.
The blast of flame hits the hell hound.
The hell hound completely resists.
The blast of flame hits you!
You die... ≈≈≈≈≈≈≈≈§§≈ ≈≈≈≈§ §≈§§≈§§≈§≈ ≈≈§§ ≈ ≈≈ § ####### +.....+ .8_8. bk.

#h# #@# #.# #.# #.# #.#
#.# .≈
######'########.§≈
................≈≈≈§§
≈≈.§§§≈≈§.≈≈≈≈≈≈≈§≈§§§≈≈


You could see a lindwurm (unable to see you, catching breath), a hell hound
(catching breath) and a fire bat.

Vanquished Creatures
  Josephine (D:11)
  A hydra (D:11)
  5 two-headed ogres
  An orc knight (D:11)
  A deep elf pyromancer (D:11)
  A manticore (D:11)
  A black mamba (Lair:1)
  Psyche (D:11)
  2 komodo dragons (Lair:1)
  4 trolls
  4 shadows
  5 wraiths (D:11)
  13 yaks
  8 fire bats (Volcano)
  3 steam dragons
  2 vampire mosquitoes (D:10)
  2 wargs (D:8)
  A water moccasin (Lair:1)
  5 orc warriors
  6 centaurs
  5 phantoms
  3 kobold brigands
  2 necrophages
  A gnoll sergeant (D:8)
  4 bullfrogs (D:8)
  3 scorpions
  5 wights
  11 killer bees
  2 howler monkeys (D:7)
  2 lava snakes (Volcano)
  6 hounds
  A jelly (D:4)
  A gnoll bouda (D:7)
  16 orc priests
  An iguana (D:5)
  34 orc wizards
  7 adders
  10 gnolls
  3 shadow imps
  5 white imps
  2 dart slugs
  73 orcs
  7 bats
  6 endoplasms
  8 giant cockroaches
  9 goblins
  4 hobgoblins
  8 jackals
  3 quokkas
  6 ball pythons
  2 frilled lizards
  17 kobolds
  5 rats
  A spectral hobgoblin (D:1)
  A spectral orc (D:8)
341 creatures vanquished.

Vanquished Creatures (others)
  An orc wizard (D:4)
  2 bushes (D:11)
  2 fungi (Lair:1)
  9 plants
14 creatures vanquished.

Grand Total: 355 creatures vanquished

Notes
Turn   | Place    | Note
-------+----------+-------------------------------------------
     0 | D:1      | Mitcholas the Minotaur Berserker began the quest for the
                  | Orb.
     0 | D:1      | Reached XP level 1. HP: 19/19 MP: 0/0
   119 | D:1      | Reached skill level 4 in Maces & Flails
   329 | D:1      | Reached XP level 2. HP: 21/27 MP: 1/1
   764 | D:1      | Found a faded altar of an unknown god.
  1027 | D:2      | Reached skill level 5 in Maces & Flails
  1027 | D:2      | Reached XP level 3. HP: 33/33 MP: 2/2
  1363 | D:2      | Reached ** piety under Trog
  1747 | D:2      | Found a bloodstained altar of Trog.
  2040 | D:3      | Identified the +1 ring mail of Vlad {Regen+}
  2295 | D:3      | Found a sacrificial altar of Ru.
  2307 | D:3      | Reached XP level 4. HP: 39/40 MP: 3/3
  2319 | D:3      | Reached skill level 6 in Maces & Flails
  2508 | D:3      | Reached skill level 7 in Maces & Flails
  2508 | D:3      | Reached XP level 5. HP: 44/46 MP: 4/4
  3002 | D:4      | Found a staircase to the Ecumenical Temple.
  3253 | Temple   | Entered the Ecumenical Temple
  3368 | D:4      | Reached skill level 8 in Maces & Flails
  3384 | D:4      | Reached XP level 6. HP: 52/52 MP: 5/5
  3903 | D:4      | Reached XP level 7. HP: 60/60 MP: 6/6
  4103 | D:4      | Found an ornate altar of the Wu Jian Council.
  4233 | D:5      | Entered Level 5 of the Dungeon
  4349 | D:5      | Reached skill level 9 in Maces & Flails
  4355 | D:5      | Found an opulent altar of Gozag.
  4432 | D:5      | Reached *** piety under Trog
  4502 | D:5      | Reached skill level 5 in Fighting
  4593 | D:5      | Found a hide-covered altar of Uskayaw.
  4593 | D:5      | Noticed a +0 falchion
  4595 | D:5      | Noticed a +0 dagger
  4598 | D:5      | Noticed a +0 falchion
  4599 | D:5      | Noticed a +0 short sword
  4603 | D:5      | Noticed a +0 spear
  4603 | D:5      | Noticed a +0 short sword
  4605 | D:5      | Noticed a +0 dagger
  4606 | D:5      | Noticed a +0 spear
  4673 | D:5      | Found a stormy altar of Qazlal.
  4747 | D:5      | Found a glowing silver altar of Zin.
  5084 | D:5      | Found a shimmering blue altar of Sif Muna.
  5201 | D:5      | Reached skill level 5 in Armour
  5443 | D:6      | Reached XP level 8. HP: 66/70 MP: 7/7
  5477 | D:6      | Noticed a troll
  5488 | D:6      | Killed a troll
  5489 | D:6      | Reached skill level 10 in Maces & Flails
  5606 | D:6      | Noticed a two-headed ogre
  5623 | D:6      | Killed a two-headed ogre
  5624 | D:6      | Reached skill level 11 in Maces & Flails
  5624 | D:6      | Reached XP level 9. HP: 52/81 MP: 8/8
  5756 | D:6      | Found a bloodstained altar of Trog.
  5795 | D:6      | Reached **** piety under Trog
  6276 | D:7      | Found Qon Haaso's Overcharged Wands.
  6423 | D:7      | Found a hazy altar of Hepliaklqana.
  6845 | D:7      | Reached skill level 12 in Maces & Flails
  6946 | D:7      | Noticed a troll
  6959 | D:7      | Killed a troll
  6960 | D:7      | Reached skill level 1 in Evocations
  7048 | D:7      | Found a runed translucent door.
  7142 | D:7      | Noticed a manticore
  7144 | D:7      | Found a runed translucent door.
  7144 | D:7      | Found a runed translucent door.
  7144 | D:7      | Noticed a gargoyle
  7301 | D:8      | Reached XP level 10. HP: 91/91 MP: 9/9
  7310 | D:8      | Found Xuusel's Assorted Antiques.
  7363 | D:8      | Found Fijuaz's General Store.
  7553 | D:8      | Found Deaskesio's Magic Scroll Boutique.
  7580 | D:8      | Found an iron altar of Okawaru.
  7605 | D:8      | Found a shimmering altar of Xom.
  7732 | D:8      | Found a staircase to the Lair.
  7769 | D:8      | Reached skill level 10 in Fighting
  7818 | D:8      | Reached ***** piety under Trog
  7831 | D:8      | Found an ancient bone altar of Kikubaaqudgha.
  7833 | D:8      | Found a blossoming altar of Fedhas.
  7870 | D:8      | Found a basalt altar of Yredelemnul.
  8505 | D:9      | Reached skill level 10 in Armour
  8566 | D:9      | Reached skill level 13 in Maces & Flails
  8617 | D:9      | Found a staircase to the Orcish Mines.
  8750 | D:9      | Noticed a two-headed ogre
  8770 | D:9      | Killed a two-headed ogre
  9000 | D:9      | Found Vavan's Weapon Shop.
  9002 | D:9      | Noticed a two-headed ogre
  9019 | D:9      | Killed a two-headed ogre
  9020 | D:9      | Reached XP level 11. HP: 102/102 MP: 10/10
  9208 | D:9      | Received a gift from Trog
  9301 | D:10     | Entered Level 10 of the Dungeon
  9355 | D:10     | Noticed a two-headed ogre
  9367 | D:10     | Killed a two-headed ogre
 10135 | D:10     | Reached skill level 5 in Evocations
 11344 | D:11     | Noticed an orc knight
 11363 | D:11     | Killed an orc knight
 11470 | D:11     | Noticed a deep elf pyromancer
 11743 | D:11     | Noticed Psyche
 11745 | D:11     | Killed Psyche
 11784 | D:11     | Noticed a two-headed ogre
 11788 | D:11     | Reached skill level 14 in Maces & Flails
 11790 | D:11     | Killed a two-headed ogre
 11870 | D:11     | Found a shimmering altar of Xom.
 11872 | D:11     | Found a shimmering altar of Xom.
 11874 | D:11     | Found a shimmering altar of Xom.
 11874 | D:11     | Found a shimmering altar of Xom.
 12054 | D:11     | Noticed Josephine
 12071 | D:11     | Killed Josephine
 12467 | D:11     | Killed a deep elf pyromancer
 12628 | D:11     | Noticed an eight-headed hydra
 12632 | D:11     | Killed an eight-headed hydra
 12633 | D:11     | Reached XP level 12. HP: 113/113 MP: 11/11
 12893 | Lair:1   | Entered Level 1 of the Lair of Beasts
 12979 | Lair:1   | Found a dark tunnel.
 13048 | Volcano  | Entered a volcano
 13207 | Volcano  | Found a burning altar of Makhleb.
 13227 | Volcano  | Killed from afar by a lindwurm

Illustrated notes

Levels and vault maps discovered:
D:1:      dpeg_arrival_rhombus, layout_basic,
          dreamdust_ecumenical_altar_drowned_temple
D:2:      layout_basic, basic_altar, chequers_serial_rivers_large_a
D:3:      layout_basic, nicolae_ru_great_annihilating_truth, minmay_door_square
D:4:      layout_loops_corners, nicolae_wu_jian_immortal_techniques,
          minmay_temple_entry_mini_moons
D:5:      layout_loops_corners, grunt_qazlal_clouds, nicolae_uskayaw_en_pointe,
          zin_statuary, lemuel_blue_sif_altar, mainiacjoe_overflow_24_doors,
          nicolae_underground_beach
D:6:      layout_cave_pools, bloody_trog, minmay_manual_mandibuliform
D:7:      minmay_the_grid_triangle_9x9_rhombus_full
          [minmay_the_grid_triangle_9x9_corruption,
          minmay_the_grid_triangle_9x9_fully_insulated_deathbox,
          minmay_the_grid_triangle_9x9_dagger,
          minmay_the_grid_triangle_9x9_flanged_cone,
          minmay_the_grid_triangle_9x9_intruding_spiral,
          minmay_the_grid_triangle_9x9_thin_v,
          minmay_the_grid_triangle_9x9_zippers_vertical,
          minmay_the_grid_triangle_9x9_prize_insulated], layout_rooms,
          mainiacjoe_overflow_paths, nicolae_shop_overcharged_wands,
          uniq_duvessa
D:8:      layout_basic, grunt_temple_overflow_growth_and_decay,
          marbit_many_paths, yredelemnul_forgotten_temple_becter,
          lemuel_crystal_altar, erik_lair_orcish_takeover, serial_shops, shop,
          shop, shop
D:9:      layout_rooms, hiddenorc2_lemuel, serial_shops, nicolae_diamond_shop
D:10:     minmay_flawed_box, layout_basic, serial_rivers,
          chequers_serial_rivers_micro_d, chequers_serial_rivers_micro_c,
          chequers_serial_rivers_room_b, chequers_serial_rivers_large_b
D:11:     layout_stronghold, minmay_hedge_maze, xom_redecorated, uniq_josephine,
          uniq_psyche
Temple:   corrupted_temple
Lair:1:   layout_long_grid, nicolae_volcano_entry_s_turn, uniq_gastronok
Volcano:  volcano_lake [vl_original]

Skill      XL: |  1  2  3  4  5  6  7  8  9 10 11 |
---------------+----------------------------------+-----
Maces & Flails | 4 5 7 8 9 11 12 13 14 | 14.8
Fighting       | 4 5 8 9 11 12 | 12.9
Armour         | 3 5 7 9 10 12 | 12.6
Evocations     | 1 4 6 |  6.0
Dodging        | |  2.2

Action                   |  1- 3 |  4- 6 |  7- 9 | 10-12 || total
-------------------------+-------+-------+-------+-------++-------
Melee: Mace              |    27 |       |       |       ||    27
       Headbutt          |     8 |    19 |    55 |   108 ||   190
       Hand axe          |    75 |   101 |   245 |       ||   421
       Punch             |     1 |     2 |     4 |     3 ||    10
       Whip              |       |       |    33 |   303 ||   336
       Great mace        |       |       |       |   196 ||   196
 Fire: Sling             |     3 |       |       |       ||     3
Invok: Berserk           |       |     3 |     4 |     9 ||    16
       Trog's Hand       |       |     1 |       |     5 ||     6
  Use: Scroll            |       |       |       |    14 ||    14
       Potion            |       |       |       |     3 ||     3
 Stab: Invisible         |       |     1 |       |       ||     1
Armor: Ring mail         |    40 |    41 |   130 |    74 ||   285
       Plate armour      |       |       |       |   136 ||   136
Dodge: Dodged            |    60 |    51 |   143 |   141 ||   395
